 Dungeon Crawl Stone Soup version 0.27-a0-920-gb2bd10914a (webtiles) character file.

Game seed: 9751929957183443104

140 robertstho the Magician (level 5, -5/36 HPs)
             Began as a Djinni Fire Elementalist on Apr 9, 2021.
             Slain by Natasha (10 damage)
             ... on level 2 of the Dungeon.
             The game lasted 00:02:26 (3108 turns).

robertstho the Magician (Djinni Fire Elementalist)  Turns: 3108, Time: 00:02:27

Health: -5/36      AC:  2    Str:  4 (7)  XL:     5   Next: 23%
Gold:   63         EV: 12    Int: 16 (18) God:
                   SH:  0    Dex: 10 (13)

rFire    + + .     SeeInvis .   d - +3 dagger
rCold    x . .     Faith    .   (no shield)
rNeg     . . .     Spirit   .   a - +0 robe
rPois    ∞         Reflect  .   (no helmet)
rElec    .         Harm     .   (no cloak)
rCorr    .         Rampage  .   (no gloves)
Will     .....                  (boots unavailable)
Stlth    ++........             (no amulet)
HPRegen  0.12/turn              (no ring)
MPRegen  0.00/turn              (no ring)

@: flying
A: fire resistance 2, cold vulnerability 1, float, innate caster, hp casting,
extra vitality 1
a: no special abilities


You were on level 2 of the Dungeon.
You visited 1 branch of the dungeon, and saw 2 of its levels.

You collected 63 gold pieces.

Inventory:

Hand Weapons
 d - a +3 dagger (weapon)
Missiles
 b - 58 stones
Armour
 a - a +0 robe (worn)
Scrolls
 c - 3 scrolls of vulnerability {unknown}
 f - a scroll of magic mapping
 h - a scroll of teleportation {unknown}
Potions
 e - a potion of brilliance


   Skills:
 + Level 0.6 Fighting
 + Level 2.8 Dodging
 + Level 2.2 Stealth
 + Level 4.3 Spellcasting


You couldn't memorise any spells.
You knew the following spells:

 Your Spells              Type           Power      Damage    Failure   Level
a - Foxfire               Conj/Fire      68%        2x1d7     2%          1
b - Conjure Flame         Conj/Fire      17%        6-21      9%          3
c - Inner Flame           Hex/Fire       17%        N/A       9%          3
d - Sticky Flame          Conj/Fire      17%        2d4       26%         4
e - Fireball              Conj/Fire      8%         3d6       58%         5
f - Apportation           Tloc           34%        N/A       2%          1
g - Blink                 Tloc           N/A        N/A       4%          2
Your spell library was empty.

Dungeon Overview and Level Annotations

Branches:
Dungeon (2/15)

Altars:

Annotations:
D:2 Natasha


Innate Abilities, Weirdness & Mutations

You are immune to poison.
Your flesh is very heat resistant. (rF++)
You are vulnerable to cold. (rC-)
You float through the air rather than walking.
You learn spells naturally, not from books.
Your magical power is your life essence.
You have superior vitality. (+4 HP)


Message History

The foxfire hits the shadow imp.
The shadow imp is moderately wounded.
The foxfire hits the shadow imp but does no damage.
The shadow imp is moderately wounded.
Natasha misses you. The shadow imp closely misses you.
Casting: Foxfire (safe; 2% risk of failure)
Confirm with . or Enter, or press ? or * to list all spells.
You conjure some foxfire!
Natasha barely misses you. The shadow imp hits you.
The foxfire hits the shadow imp.
The shadow imp is severely wounded.
The foxfire hits the shadow imp.
You kill the shadow imp!
Natasha casts a spell.
Casting: Foxfire (safe; 2% risk of failure)
Confirm with . or Enter, or press ? or * to list all spells.
You conjure some foxfire!
Natasha casts a spell.
The shadow imp hits you.
The foxfire hits the shadow imp.
The shadow imp is heavily wounded.
The foxfire hits the shadow imp.
You kill the shadow imp!
Natasha casts a spell at you. The magic dart hits you.
Unknown command.
You barely miss Natasha.
Natasha is severely wounded.
Natasha claws you!
* * * LOW HITPOINT WARNING * * *
Unknown command.
Casting: Foxfire (safe; 2% risk of failure)
Confirm with . or Enter, or press ? or * to list all spells.
You conjure some foxfire!
* * * LOW HITPOINT WARNING * * *
Natasha misses you.
The foxfire hits the white imp but does no damage.
The foxfire hits the white imp.
The white imp is lightly wounded.
Natasha claws you!
You die...

#..#.# #.#
#..#.###.#####
#.............
#.##..##.#####
#.##.....# .########
#.....##.#
........######..##)#####
#...h5........#.......
#@.......##.....÷.
.######.§########...####
.........# #####
.#######.# #.# #.# #.#
..# #.# ####### ... #.#
#......


You could see Natasha and a white imp (summoned).

Vanquished Creatures
  An orc priest (D:2)
  Natasha (D:2)
  An orc wizard (D:2)
  An adder (D:2)
  A gnoll (D:1)
  3 orcs (D:2)
  6 endoplasms
  5 goblins
  3 hobgoblins (D:2)
  3 ball pythons
  9 bats
  5 kobolds
  4 rats
43 creatures vanquished.

Vanquished Creatures (others)
  138 foxfires
  5 fungi (D:2)
  3 plants (D:2)
146 creatures vanquished.

Grand Total: 189 creatures vanquished

Notes
Turn   | Place    | Note
-------+----------+-------------------------------------------
     0 | D:1      | robertstho the Djinni Fire Elementalist began the quest for
                  | the Orb.
     0 | D:1      | Reached XP level 1. HP: 15/15 MP: 0/0
   792 | D:1      | Reached XP level 2. HP: 19/21 MP: 0/0
   943 | D:1      | Reached skill level 3 in Spellcasting
  1232 | D:1      | Reached XP level 3. HP: 18/25 MP: 0/0
  1232 | D:1      | Learned a level 1 spell: Apportation
  1612 | D:2      | Found a faded altar of an unknown god.
  2000 | D:2      | Noticed Natasha
  2015 | D:2      | Killed Natasha
  2016 | D:2      | Reached XP level 4. HP: 5/31 MP: 0/0
  2469 | D:2      | Reached skill level 4 in Spellcasting
  2473 | D:2      | Reached XP level 5. HP: 9/36 MP: 0/0
  2473 | D:2      | Learned a level 2 spell: Blink
  2473 | D:2      | HP: 1/36 [orc/+0 mace (8)]
  3091 | D:2      | Noticed Natasha
  3108 | D:2      | Slain by Natasha

Illustrated notes

Levels and vault maps discovered:
D:1:      onia_arrival_mini_spirals, layout_loops_corners,
          minmay_misc_feat_ornament
D:2:      layout_loops_ring, shapermc_ecumenical_altar_mp_urbaneastern,
          uniq_natasha

Skill      XL: |  1  2  3  4 |
---------------+-------------+-----
Spellcasting   | 3 4 |  4.3
Stealth        | 2 |  2.2
Fighting       | |  0.6
Dodging        | |  2.8

Action                   |  1- 3 |  4- 6 || total
-------------------------+-------+-------++-------
Melee: Dagger            |       |     8 ||     8
 Cast: Foxfire           |    59 |    33 ||    92
  Use: Potion            |       |     6 ||     6
       Scroll            |       |     1 ||     1
Armor: Robe              |     7 |     4 ||    11
       Skin              |       |    12 ||    12
Dodge: Dodged            |    17 |    11 ||    28

Table legend: (Time is in decaauts)
 A = Elapsed time spent in this place.
 B = Non-inter-level travel time spent in this place.
 C = Inter-level travel time spent in this place.
 D = Time resting spent in this place.
 E = Time spent auto-exploring this place.
 F = Levels seen in this place.
 G = Mean time per level.
                   A        B        C        D        E       F      G
               +--------+--------+--------+--------+--------+-----+--------+
         Total |   3107 |   3085 |     22 |    340 |   2454 |   2 | 1553.5 |
       Dungeon |   3107 |   3085 |     22 |    340 |   2454 |   2 | 1553.5 |
               +--------+--------+--------+--------+--------+-----+--------+

Top non-repeatable levels by time:
     D:1: 1597 daAuts
     D:2: 1509 daAuts
